 Dungeon Crawl Stone Soup version 0.24-a0-271-ga0fc33f724 (webtiles) character file.

Game seed: 6154958169651494819

1493 Redear the Skirmisher (level 8, -15/64 HPs)
             Began as a Mummy Fighter on Apr 23, 2019.
             Was an Initiate of Okawaru.
             Demolished by a red ugly thing (31 damage)
             ... on level 6 of the Dungeon.
             The game lasted 00:11:33 (5762 turns).

Redear the Skirmisher (Mummy Fighter)               Turns: 5762, Time: 00:11:34

Health: -15/64     AC: 11    Str: 22    XL:     8   Next: 51%
Magic:  8/8        EV:  7    Int:  7    God:    Okawaru [......]
Gold:   386        SH: 11    Dex: 11    Spells: 7/7 levels left

rFire    x . .     SeeInvis .   h - +3 hand axe of Ycwacreg {distort, Stlth+}
rCold    + . .     Gourm    .   c - +1 shield
rNeg     + + +     Faith    .   b - +0 scale mail
rPois    ∞         Spirit   .   g - +0 helmet
rElec    .         Reflect  .   (no cloak)
rCorr    .         Harm     .   o - +0 pair of gloves
MR       +....                  e - +0 pair of boots (curse)
Stlth    +.........             (no amulet)
HPRegen  0.20/turn              (no ring)
MPRegen  0.11/turn              (no ring)

@: no status effects
A: no food or potions, fire vulnerability, cold resistance 1, negative energy
resistance 3, torment resistance, unbreathing
a: Renounce Religion


You were on level 6 of the Dungeon.
You worshipped Okawaru.
Okawaru was noncommittal.
You were not hungry.

You visited 2 branches of the dungeon, and saw 7 of its levels.

You collected 386 gold pieces.

Inventory:

Hand Weapons
 a - a +0 flail
 f - a +3 dagger of speed
 h - the +3 hand axe of Ycwacreg (weapon) {distort, Stlth+}
   (You found it on level 5 of the Dungeon)

   It warps and distorts space around it.
   Unwielding it can cause banishment or high damage.
   It makes you more stealthy.
 i - a +2 dagger of speed
 p - a +0 dagger of electrocution
Missiles
 j - 7 javelins (quivered)
Armour
 b - a +0 scale mail (worn)
 c - a +1 shield (worn)
 d - a +0 leather armour
 e - a cursed +0 pair of boots (worn)
 g - a +0 helmet (worn)
 o - a +0 pair of gloves (worn)
Jewellery
 l - an uncursed amulet of harm {unknown}
Wands
 V - a wand of flame (20)
Scrolls
 k - a scroll of fog {unknown}
 m - a scroll of amnesia
 B - a scroll of blinking {@r4}
 M - a scroll of magic mapping
 N - 3 scrolls of remove curse {@r2}
 R - 3 scrolls of identify {@r1}
 T - a scroll of teleportation {@r3}


   Skills:
 + Level 6.1 Fighting
 + Level 3.3(3.9) Axes
 - Level 2.9(3.7) Maces & Flails
 + Level 5.0 Armour
 + Level 5.0 Shields


You had 7 spell levels left.
You didn't know any spells.
Your spell library contained the following spells:

 Spells                   Type           Power        Failure   Level  Hunger
 Corona                   Hex            #......      99%         1    N/A
 Slow                     Hex            #.......     99%         2    N/A
 Inner Flame              Hex/Fire       #.......     100%        3    N/A
 Portal Projectile        Hex/Tloc       #.....       100%        3    N/A
 Cause Fear               Hex            #.........   100%        4    N/A
 Leda's Liquefaction      Hex/Erth       #.........   100%        4    N/A

Dungeon Overview and Level Annotations

Branches:
Dungeon (6/15)             Temple (1/1) D:6

Altars:
Dithmenos
Fedhas
Kikubaaqudgha
Nemelex Xobeh
Okawaru
Trog
Vehumet
Wu Jian
Xom
Yredelemnul
The Shining One

Shops:
D:6 [


Innate Abilities, Weirdness & Mutations

You do not eat or drink.
Your flesh is vulnerable to fire.
You are immune to poison.
Your flesh is cold resistant. (rC+)
You are immune to negative energy. (rN+++)
You are immune to unholy pain and torment.
You can survive without breathing.


Message History

A red ugly thing is nearby!
The red ugly thing stings you!
You are engulfed in flames!!
The fire burns you terribly!
Ouch! That really hurt!
* * * LOW HITPOINT WARNING * * *
You take 47 damage, and have 17/64 hp.
MASSIVE DAMAGE!!
You are too injured to fight recklessly!
You are too injured to fight recklessly!
You are too injured to fight recklessly!
You are too injured to fight recklessly!
You are too injured to fight recklessly!
You are too injured to fight recklessly!
You are too injured to fight recklessly!
Unknown command.
Unknown command.
The red ugly thing barely misses you. The red ugly thing stings you.
* * * LOW HITPOINT WARNING * * *
You are engulfed in flames!!
The fire burns you terribly!
You die...

#>.....)....#.###...[...#.#
#......###.##.# #.#.#####.#
######....## #.##.# #.#.# #.#
...# ##.#.# #.##.###.#.#####.###
...# ##.#.# ##.##...............#
...###....# #.................#.#
....†.[#..# #..#..............#.#
...###..[####..#u###########.##.#
...# ##...))[...@# #.##.. ...#
#######.#.## ####.####
############....# #........
................# #<##.###.
############....# #.##.# #.
####.# #.##.# #. #.#########.##.#
#. #...........##.# #.
##############.###.


You could see a red ugly thing.

Vanquished Creatures
  Duvessa (D:5)
  2 ice beasts
  2 eyes of draining (D:5)
  A sky beast (D:6)
  An ogre (D:5)
  Dowan (D:5)
  2 crimson imps
  A centaur zombie (D:5)
  A bullfrog zombie (D:6)
  An orc priest (D:5)
  A hound (D:4)
  2 orc wizards
  5 worker ants
  2 hound skeletons
  4 gnolls (D:6)
  11 adders
  3 oozes
  An adder skeleton (D:4)
  2 worms
  2 dart slugs
  6 leopard geckos
  26 orcs
  A ball python (D:2)
  10 giant cockroaches
  8 goblins
  9 hobgoblins
  6 jackals
  2 quokkas
  3 bats
  7 frilled lizards
  6 kobolds
  A leopard gecko skeleton (D:6)
  6 rats
  A withered plant (D:5)
138 creatures vanquished.

Vanquished Creatures (others)
  An ogre (D:4)
  A crimson imp (D:6)
  A hound (D:4)
  A jackal (D:5)
  A plant (D:6)
5 creatures vanquished.

Grand Total: 143 creatures vanquished

Notes
Turn   | Place    | Note
-------+----------+-------------------------------------------
     0 | D:1      | Redear the Mummy Fighter began the quest for the Orb.
     0 | D:1      | Reached XP level 1. HP: 18/18 MP: 1/1
    99 | D:1      | Reached XP level 2. HP: 21/24 MP: 2/2
   491 | D:1      | Reached skill level 2 in Maces & Flails
   544 | D:1      | Reached XP level 3. HP: 29/29 MP: 3/3
  1115 | D:2      | Reached XP level 4. HP: 29/35 MP: 4/4
  1200 | D:2      | Reached skill level 3 in Shields
  1298 | D:2      | Reached skill level 3 in Armour
  1592 | D:3      | Found a faded altar of an unknown god.
  1851 | D:3      | Found a blossoming altar of Fedhas.
  2077 | D:3      | Reached XP level 5. HP: 38/42 MP: 5/5
  2403 | D:4      | Noticed an ogre
  2640 | D:4      | Reached skill level 4 in Fighting
  2701 | D:5      | Entered Level 5 of the Dungeon
  2798 | D:5      | Got a faintly glowing hand axe
  2799 | D:5      | Identified the +3 hand axe of Ycwacreg {distort, Stlth+}
                  | (You found it on level 5 of the Dungeon)
  2810 | D:5      | Noticed an ogre
  2837 | D:5      | Killed an ogre
  2837 | D:5      | Reached XP level 6. HP: 35/49 MP: 6/6
  3057 | D:5      | Found an ancient bone altar of Kikubaaqudgha.
  3079 | D:5      | Reached skill level 1 in Axes
  3120 | D:5      | Found a bloodstained altar of Trog.
  3145 | D:5      | Reached skill level 4 in Armour
  3145 | D:5      | Reached skill level 4 in Shields
  3145 | D:5      | Reached XP level 7. HP: 20/55 MP: 0/7
  3198 | D:5      | the jackal is devoured by a tear in reality.
  3240 | D:5      | Reached skill level 5 in Fighting
  3246 | D:5      | Noticed Duvessa
  3246 | D:5      | Noticed Dowan
  3256 | D:5      | HP: 3/56 [Duvessa/+0 rapier of electrocution (14)]
  3684 | D:5      | Reached skill level 2 in Axes
  3748 | D:5      | Killed Duvessa
  4097 | D:5      | Found a radiant altar of Vehumet.
  4537 | D:5      | Killed Dowan
  4537 | D:5      | Reached XP level 8. HP: 63/63 MP: 8/8
  4697 | D:4      | the hound is devoured by a tear in reality.
  5186 | D:4      | the ogre is devoured by a tear in reality.
  5264 | D:4      | Found a basalt altar of Yredelemnul.
  5341 | D:6      | the crimson imp is devoured by a tear in reality.
  5346 | D:6      | Reached skill level 3 in Axes
  5434 | D:6      | Found Guilacyoq's Armour Boutique.
  5532 | D:6      | Identified the cursed +1 long sword of the Five Runes
                  | {flame, *Contam rF+ Stlth+}
  5586 | D:6      | Found a staircase to the Ecumenical Temple.
  5604 | D:6      | Reached skill level 5 in Armour
  5610 | Temple   | Entered the Ecumenical Temple
  5621 | Temple   | Became a worshipper of Warmaster Okawaru
  5656 | D:6      | Reached skill level 6 in Fighting
  5656 | D:6      | Reached skill level 5 in Shields
  5745 | D:6      | Noticed a red ugly thing
  5762 | D:6      | Demolished by a red ugly thing

Levels and vault maps discovered:
D:1:      dpeg_arrival_lava_altar, layout_loops_cross, serial_bayou,
          serial_bayou_pond_a, serial_bayou_pond_b, serial_bayou_crossing,
          serial_bayou_shore_a
D:2:      layout_basic
D:3:      layout_loops_cross, marbit_many_paths,
          chequers_ecumenical_altar_simple, first_ration
D:4:      layout_basic, yredelemnul_forgotten_temple_becter,
          kennysheep_generic_room_9
D:5:      layout_loops_ring, lemuel_crystal_altar, kiku_gazebo_garden_becter,
          trog_eyes_of_draining, nicolae_ossuary_entry_monument, uniq_duvessa
D:6:      layout_loops_ring, minmay_temple_entry_offerings, serial_shops,
          nicolae_shop_behind_doors, chequers_decorated_corner,
          serial_bayou_pond_e
Temple:   eino_temple_water

Skill      XL: |  1  2  3  4  5  6  7  8 |
---------------+-------------------------+-----
Maces & Flails | 2 |  2.9
Shields        | 3 4 5 |  5.0
Armour         | 3 4 5 |  5.0
Fighting       | 4 5 6 |  6.1
Axes           | 1 2 3 |  3.3

Action                   |  1- 3 |  4- 6 |  7- 9 || total
-------------------------+-------+-------+-------++-------
Melee: Flail             |    64 |       |       ||    64
       Dagger            |    77 |   228 |       ||   305
       Hand axe          |       |    55 |   124 ||   179
  Use: Scroll            |       |     5 |     5 ||    10
Armor: Scale mail        |    68 |    97 |    39 ||   204
Dodge: Dodged            |    58 |    96 |    23 ||   177
Block: Shield            |       |    37 |    44 ||    81

Table legend:
 A = Non-vault XP
 B = Vault XP
 C = Vault XP percentage of total XP
 D = Non-vault monster count
 E = Vault monster count
 F = Vault count percentage of total count
                 A         B        C        D         E       F
            +---------+---------+-------+---------+---------+-------
      Total |    1625 |     508 |  23.8 |     132 |       9 |   6.4
            +---------+---------+-------+---------+---------+-------
        D:1 |      43 |       1 |   2.3 |      18 |       1 |   5.3
        D:2 |      83 |       0 |   0.0 |      25 |       0 |   0.0
        D:3 |      97 |       1 |   1.0 |      30 |       1 |   3.2
        D:4 |     216 |      13 |   5.7 |       7 |       1 |  12.5
        D:5 |     661 |     493 |  42.7 |      28 |       6 |  17.6
        D:6 |     525 |       0 |   0.0 |      24 |       0 |   0.0
            +---------+---------+-------+---------+---------+-------
